 Dungeon Crawl Stone Soup version 0.30-a0-137-gd8773701ce (webtiles) character file.

Game seed: 13470311899315677168

1371 Armakuni the Frost Mage (level 8, -25/57 HPs)
             Began as a Human Ice Elementalist on Sept 20, 2022.
             Was a Follower of Sif Muna.
             Annihilated by an ogre
             ... wielding a +0 giant spiked club
              (29 damage)
             ... on level 5 of the Dungeon on Sept 21, 2022.
             The game lasted 00:11:38 (5661 turns).

Armakuni the Frost Mage (Human Ice Elementalist)    Turns: 5661, Time: 00:11:39

Health: -25/57     AC:  4    Str:  8    XL:     8   Next: 97%
Magic:  3/15       EV: 12    Int: 21    God:    Sif Muna [*.....]
Gold:   238        SH:  0    Dex: 13    Spells: 8/16 levels left

rFire   . . .      SeeInvis .    a - +5 trident (protect)
rCold   . . .      Faith    .    (no shield)
rNeg    . . .      Spirit   .    n - +0 robe
rPois   .          Reflect  .    o - +0 helmet
rElec   .          Harm     .    (no cloak)
rCorr   .          Rampage  .    (no gloves)
Will    +....                    k - +0 pair of boots
Stlth   ++........               (no amulet)
HPRegen 0.19/turn                W - ring of willpower
MPRegen 0.14/turn                (no ring)

@: very slightly contaminated
A: clever 1, robust 1
a: Renounce Religion, Channel Magic


You were on level 5 of the Dungeon.
You worshipped Sif Muna.
Sif Muna was aware of your devotion.
You visited 2 branches of the dungeon, and saw 6 of its levels.

You collected 238 gold pieces.

Inventory:

Hand Weapons
 a - a +5 trident of protection (weapon)
Armour
 k - a +0 pair of boots (worn)
 n - a +0 robe (worn)
 o - a +0 helmet (worn)
Jewellery
 W - a ring of willpower (left hand)
Wands
 c - a wand of charming (8)
Scrolls
 g - 5 scrolls of immolation
 i - 2 scrolls of blinking
 j - 2 scrolls of noise
 l - a scroll of magic mapping {unknown}
 p - 2 scrolls of identify
 q - a scroll of enchant weapon {unknown}
Potions
 b - a potion of magic
 d - a potion of curing
 e - 2 potions of flight
 f - 2 potions of haste
 h - a potion of might
 m - a potion of brilliance


   Skills:
 - Level 2.0 Dodging
 - Level 2.0 Stealth
 + Level 4.8 Spellcasting
 - Level 10.0 Ice Magic


You had 8 spell levels left.
You knew the following spells:

 Your Spells              Type           Power      Damage    Failure   Level
h - Hailstorm             Conj/Ice       26%        3d7       14%         4
r - Frozen Ramparts       Ice            94%        1d15      1%          3
z - Freeze                Ice            100%       1d11      1%          1

Your spell library contained the following spells:

 Spells                   Type           Power      Damage    Failure   Level
 Ozocubu's Armour         Ice            47%        N/A       1%          3
 Ensorcelled Hibernation  Hex/Ice        52%        N/A       2%          2
 Ice Form                 Ice/Tmut       26%        N/A       14%         4
 Summon Ice Beast         Ice/Summ       26%        N/A       14%         4
 Dazzling Flash           Conj/Hex       10%        N/A       32%         3
 Spider Form              Tmut/Pois      5%         N/A       32%         3
 Anguish                  Hex/Necr       2%         N/A       73%         4
 Passage of Golubria      Tloc           5%         N/A       73%         4
 Agony                    Necr           5%         N/A       97%         5
 Silence                  Hex/Air        2%         N/A       97%         5
 Lehudib's Crystal Spear  Conj/Erth      2%         10d2      100%        8


Dungeon Overview and Level Annotations

Branches:
Dungeon (5/15)             Temple (1/1) D:4

Altars:
Cheibriados
Elyvilon
Fedhas
Hepliaklqana
Kikubaaqudgha
Nemelex Xobeh
Okawaru
Qazlal
Ru
Sif Muna
Uskayaw
Wu Jian
Xom
Yredelemnul
The Shining One


Innate Abilities, Weirdness & Mutations

Your mind is acute. (Int +4, Str/Dex -1)
You are robust. (+10% HP)


Message History

You don't know that spell.
Casting: Hailstorm (dangerous; 14% risk of failure)
Confirm with . or Enter, or press ? or * to list all spells.
Aiming: Freeze (safe; 1% risk of failure)
Press: ? - help, Shift-Dir - straight line, f - scorpion
Aim: a scorpion You freeze the scorpion.
The scorpion is lightly wounded.
The scorpion closely misses you.
Casting: Freeze (safe; 1% risk of failure)
Confirm with . or Enter, or press ? or * to list all spells.
Aiming: Freeze (safe; 1% risk of failure)
Press: ? - help, Shift-Dir - straight line, f/p - scorpion
Aim: a scorpion (lightly wounded)
You freeze the scorpion!
The scorpion is heavily wounded.
The scorpion closely misses you. The scorpion misses you.
Casting: Freeze (safe; 1% risk of failure)
Confirm with . or Enter, or press ? or * to list all spells.
Aiming: Freeze (safe; 1% risk of failure)
Press: ? - help, Shift-Dir - straight line, f/p - scorpion
Aim: a scorpion (heavily wounded)
You freeze the scorpion.
The scorpion is almost dead.
The ogre hits you with a +0 giant spiked club!!
Ouch! That really hurt!
* * * LOW HITPOINT WARNING * * *
The scorpion misses you.
Casting: Freeze (safe; 1% risk of failure)
Confirm with . or Enter, or press ? or * to list all spells.
Aiming: Freeze (safe; 1% risk of failure)
Press: ? - help, Shift-Dir - straight line, f/p - scorpion
Aim: a scorpion (almost dead)
You freeze the scorpion.
The scorpion is almost dead.
The scorpion stings you.
* * * LOW HITPOINT WARNING * * *
The ogre hits you with a +0 giant spiked club!!
Ouch! That really hurt!
You die...

..#..##..............#
#..(..............#
###...............#
####+#########'###
#....#
######..#+#####+
....#.......... #
#..+..........
+.#.@#..........
#..Os#..........
##..............
###............
#............>...
#................
#................
#..?..$..........
#.......#########


You could see an ogre and a scorpion.

Vanquished Creatures
  Pikel (D:4)
  Menkaure (D:5)
  A centaur (D:4)
  A phantom (D:4)
  Blork the orc (D:4)
  2 necrophages (D:5)
  2 scorpions (D:4)
  2 jellies (D:5)
  An iguana (D:5)
  A scorpion zombie (D:3)
  Robin (D:4)
  A howler monkey zombie (D:3)
  3 gnolls (D:4)
  6 adders
  A shadow imp (D:5)
  An adder zombie (D:3)
  A worm (D:2)
  8 orcs (D:4)
  A ball python (D:3)
  5 bats
  4 endoplasms
  2 giant cockroaches
  16 goblins
  16 hobgoblins
  3 quokkas
  A ball python zombie (D:3)
  6 frilled lizards
  17 kobolds
  5 rats
111 creatures vanquished.

Vanquished Creatures (others)
  2 plants (D:4)
2 creatures vanquished.

Grand Total: 113 creatures vanquished

Notes
Turn   | Place    | Note
-------+----------+-------------------------------------------
     0 | D:1      | Armakuni the Human Ice Elementalist began the quest for the
                  | Orb.
     0 | D:1      | Reached XP level 1. HP: 13/13 MP: 3/3
   439 | D:1      | Reached XP level 2. HP: 13/19 MP: 1/5
   620 | D:1      | Found a faded altar of an unknown god.
   873 | D:2      | Reached XP level 3. HP: 24/24 MP: 2/6
  1031 | D:2      | Reached skill level 5 in Ice Magic
  1286 | D:2      | Learned a level 3 spell: Frozen Ramparts
  1504 | D:3      | Found an iron altar of Okawaru.
  1655 | D:3      | Gained mutation: You are robust. (+10% HP) [potion of
                  | mutation]
  1655 | D:3      | Gained mutation: Your mind is acute. (Int +4, Str/Dex -1)
                  | [potion of mutation]
  1811 | D:3      | Reached XP level 4. HP: 33/33 MP: 5/7
  2370 | D:3      | Found a basalt altar of Yredelemnul.
  2394 | D:3      | Reached skill level 6 in Ice Magic
  2394 | D:3      | Reached XP level 5. HP: 36/38 MP: 8/8
  2785 | D:3      | Learned a level 4 spell: Hailstorm
  2939 | D:4      | Noticed Robin
  2965 | D:4      | Killed Robin
  3110 | D:4      | Found a staircase to the Ecumenical Temple.
  3111 | D:4      | Noticed a centaur
  3122 | D:4      | Killed a centaur
  3123 | D:4      | Reached skill level 7 in Ice Magic
  3123 | D:4      | Reached XP level 6. HP: 8/45 MP: 3/9
  3147 | Temple   | Entered the Ecumenical Temple
  3475 | Temple   | Became a worshipper of Sif Muna the Loreminder
  3606 | D:4      | Noticed Pikel
  3623 | D:4      | Killed Pikel
  3624 | D:4      | Reached skill level 9 in Ice Magic
  3624 | D:4      | Reached XP level 7. HP: 35/50 MP: 0/10
  3624 | D:4      | Reached XP level 8. HP: 40/57 MP: 0/11
  3900 | D:4      | Upgraded the game from 0.30-a0-135-g630cfc4551 to
                  | 0.30-a0-137-gd8773701ce
  4579 | D:4      | Reached * piety under Sif Muna
  4612 | D:4      | Reached skill level 10 in Ice Magic
  5005 | D:4      | Noticed Blork the orc
  5050 | D:4      | Killed Blork the orc
  5219 | D:5      | Entered Level 5 of the Dungeon
  5539 | D:5      | Noticed Menkaure
  5544 | D:5      | Killed Menkaure
  5661 | D:5      | Annihilated by an ogre

Illustrated notes

Levels and vault maps discovered:
D:1:      minmay_arrival_shattered_statue, layout_rooms,
          nicolae_ecumenical_lake_church, minivault_27
D:2:      layout_loops_ring, amcnicky_mini_rare_corridor_liquid
D:3:      layout_loops_cross, nicolae_yredelemnul_corpse_copse,
          okawaru_ov_weapons_minmay, minmay_checkerbox
D:4:      corexii_shantytown, layout_basic, minmay_temple_entry_ruins,
          serial_corexii_hall, chequers_hall_statues_corner_a,
          corexii_hall_statues_t, uniq_pikel, uniq_robin, uniq_blork_the_orc
D:5:      layout_basic, saegor_snake_ambush, uniq_menkaure
Temple:   dshaligram_water_room_temple

Skill      XL: |  1  2  3  4  5  6  7  8 |
---------------+-------------------------+-----
Ice Magic      | 5 6 7 9 10 | 10.0
Spellcasting   | 4 |  4.8
Dodging        | |  2.0
Stealth        | |  2.0

Action                   |  1- 3 |  4- 6 |  7- 9 || total
-------------------------+-------+-------+-------++-------
Melee: Dagger            |    16 |     5 |       ||    21
       Flail             |       |    62 |       ||    62
       Punch             |       |     1 |     1 ||     2
       Whip              |       |       |    22 ||    22
       Trident           |       |       |    22 ||    22
 Cast: Freeze            |    42 |    22 |    50 ||   114
       Frozen Ramparts   |       |     4 |       ||     4
       Hailstorm         |       |       |    12 ||    12
Evoke: Wand              |       |       |     1 ||     1
  Use: Potion            |     4 |     1 |       ||     5
       Scroll            |     2 |     3 |     4 ||     9
 Stab: Sleeping          |     5 |     1 |     2 ||     8
Armor: Robe              |    12 |    21 |    19 ||    52
Dodge: Dodged            |    30 |    59 |    48 ||   137

Table legend: (Time is in decaauts)
 A = Elapsed time spent in this place.
 B = Non-inter-level travel time spent in this place.
 C = Inter-level travel time spent in this place.
 D = Time resting spent in this place.
 E = Time spent auto-exploring this place.
 F = Levels seen in this place.
 G = Mean time per level.
                   A        B        C        D        E       F      G
               +--------+--------+--------+--------+--------+-----+--------+
         Total |   5701 |   5501 |    200 |   1468 |   2974 |   6 |  950.2 |
       Dungeon |   5353 |   5172 |    181 |   1250 |   2914 |   5 | 1070.6 |
        Temple |    348 |    329 |     19 |    218 |     60 |   1 |  348.0 |
               +--------+--------+--------+--------+--------+-----+--------+

Top non-repeatable levels by time:
     D:4: 1967 daAuts
     D:3: 1295 daAuts
     D:2: 849 daAuts
     D:1: 782 daAuts
     D:5: 457 daAuts
  Temple: 348 daAuts
